 Dungeon Crawl Stone Soup version 0.31-a0-977-gc230f8ef24 (webtiles) character file.

Game seed: 11241728044503327771

313 Dordric the Changeling (level 6, -1/47 HPs)
             Began as a Draconian Shapeshifter on Oct 30, 2023.
             Splashed by a jelly's acid (6 damage)
             ... on level 4 of the Dungeon.
             The game lasted 00:02:34 (3261 turns).

Dordric the Changeling (Draconian Shapeshifter)     Turns: 3261, Time: 00:02:35

Health: -1/47      AC:  2    Str: 22    XL:     6   Next: 19%
Magic:  6/6        EV: 12    Int: 11    God:
Gold:   284        SH:  0    Dex: 12    Spells: 5/5 levels left

rFire   . .          .
                       - Unarmed
rCold   . . .        (no shield)
rNeg    . . .        (body armour unavailable)
rPois   .            (helmet currently unavailable)
rElec   .            (cloak currently unavailable)
rCorr   .            (gloves currently unavailable)
SInv    .            (boots currently unavailable)
Will    .....        (no amulet)
Stlth   +            h - +6 ring of strength
HPRegen 0.27/turn    (no ring)
MPRegen 0.10/turn

%: no passive effects
@: beast-form, corroded
A: beast (slay +3), AC +6, unfitting armour, cold-blooded
a: Begin Untransformation


You were on level 4 of the Dungeon.
You were a hulking beast.
You visited 1 branch of the dungeon, and saw 4 of its levels.

You collected 284 gold pieces.

Inventory:

Jewellery
 h - a +6 ring of strength (left hand)
Talismans
 b - a beast talisman
 c - a flux talisman
Wands
 l - a wand of paralysis (11)
 m - a wand of roots (3)
Scrolls
 g - a scroll of summoning {unknown}
 n - 4 scrolls of identify {unknown}
 o - a scroll of enchant armour {unknown}
 q - a scroll of revelation {unknown}
Potions
 a - 2 potions of lignification
 d - 2 potions of curing {unknown}
 e - 2 potions of attraction {unknown}
 f - 2 potions of haste {unknown}
 i - a potion of ambrosia {unknown}
 j - a potion of heal wounds {unknown}
 k - a potion of enlightenment {unknown}
 p - a potion of berserk rage {unknown}


   Skills:
 - Level 1.1 Fighting
 - Level 1.7 Dodging
 - Level 3.0 Unarmed Combat
 + Level 6.5 Shapeshifting


You had 5 spell levels left.
You didn't know any spells.
Your spell library contained the following spells:

 Spells                   Type           Power      Damage    Failure   Level
 Sublimation of Blood     Necr           0%         N/A       47%         2
 Wereblood                Tmut           0%         N/A       47%         2
 Hailstorm                Conj/Ice       0%         3d3       71%         3
 Tukima's Dance           Hex            0%         N/A       71%         3
 Passage of Golubria      Tloc           0%         N/A       98%         4
 Summon Ice Beast         Ice/Summ       0%         N/A       98%         4
 Yara's Violent Unravell  Hex/Tmut       0%         3d3       100%        5
 Simulacrum               Ice/Necr       0%         N/A       100%        6
 Summon Hydra             Summ           0%         N/A       100%        7


Dungeon Overview and Level Annotations

Branches:
Dungeon (4/15)
 Temple: D:4-7

Altars:


Innate Abilities, Weirdness & Mutations

You are a hulking beast.
Your limbs bulge with bestial killing power. (Slay +3)
Your plain brown scales are hard. (AC +6)
You cannot fit into any form of body armour.
You are cold-blooded and may be slowed by cold attacks.


Message History

The phantom is heavily damaged.
The phantom hits you but does no damage.
The jelly barely misses you.
You punch the phantom!
The phantom is almost destroyed.
The jelly closely misses you. The phantom closely misses you.
The jelly hits you. The acid corrodes you!
You are splashed with acid!
You are too injured to fight recklessly!
You are too injured to fight recklessly!
You are too injured to fight recklessly!
You are too injured to fight recklessly!
You are too injured to fight recklessly!
You are too injured to fight recklessly!
You are too injured to fight recklessly!
You are too injured to fight recklessly!
You are too injured to fight recklessly!
You are too injured to fight recklessly!
You are too injured to fight recklessly!
You are too injured to fight recklessly!
You are too injured to fight recklessly!
You are too injured to fight recklessly!
You are too injured to fight recklessly!
You are too injured to fight recklessly!
You are too injured to fight recklessly!
You are too injured to fight recklessly!
You barely miss the phantom.
The phantom is almost destroyed.
The jelly hits you.
You are splashed with acid!
* * * LOW HITPOINT WARNING * * *
The phantom misses you. The jelly misses you.
You hit the phantom.
The phantom is almost destroyed.
You barely miss the phantom.
The phantom is almost destroyed.
The jelly completely misses you. The phantom hits you.
* * * LOW HITPOINT WARNING * * *
The jelly hits you.
* * * LOW HITPOINT WARNING * * *
You are splashed with acid.
You die...

#####.# #..# #........####
....... #..# #.###.##.# #.###.#
#..#####.# #.##.# # #.#
#...ยงยง$..# #.##.# # #.#
##.####### #.##.#### #.# #.#
#.##..... #.# #.# #.##..###
#.## #J#########.##..# # ...#
#WhJ...... #..# # #..#
########## #..### #..# #.....
#..# ##.### #..# # #.# ...# #.
#.# ..####.######### #######.#
...............########.......#
..#.##..................#######


You could see a phantom and 2 jellies.

Vanquished Creatures
  A black bear (D:3)
  2 orc priests
  An iguana (D:4)
  Robin (D:4)
  2 adders (D:3)
  2 worms
  9 orcs
  7 ball pythons
  2 bats
  9 endoplasms
  A giant cockroach (D:3)
  11 goblins
  13 hobgoblins
  7 jackals
  2 kobolds
  3 quokkas
  7 frilled lizards
  6 rats
86 creatures vanquished.

Notes
Turn   | Place    | Note
-------+----------+-------------------------------------------
     0 | D:1      | Dordric the Draconian Shapeshifter began the quest for the
                  | Orb.
     0 | D:1      | Reached XP level 1. HP: 16/16 MP: 1/1
   147 | D:1      | Reached XP level 2. HP: 23/23 MP: 2/2
   493 | D:1      | Reached skill level 4 in Shapeshifting
   714 | D:2      | Reached XP level 3. HP: 22/28 MP: 3/3
  1388 | D:3      | Noticed a black bear
  1401 | D:3      | Killed a black bear
  1402 | D:3      | Reached skill level 5 in Shapeshifting
  1402 | D:3      | Reached XP level 4. HP: 13/35 MP: 4/4
  1518 | D:3      | Reached XP level 5. HP: 38/40 MP: 5/5
  2466 | D:3      | Reached skill level 6 in Shapeshifting
  2692 | D:4      | Identified the +1 helmet "Ittechei" {Str+3}
  2692 | D:4      | Noticed Robin
  2775 | D:4      | Reached XP level 6. HP: 47/47 MP: 6/6
  3000 | D:4      | Killed Robin
  3261 | D:4      | Splashed by a jelly's acid

Illustrated notes

Levels and vault maps discovered:
D:1:      dpeg_arrival_houses_and_road, layout_basic, minmay_pentomino_s4
D:2:      layout_basic
D:3:      layout_loops_cross, minmay_misc_feat_hallway, nrook_mini_backslash,
          st_stairs_10
D:4:      layout_loops_ring, uniq_robin

Skill      XL: |  1  2  3  4  5 |
---------------+----------------+-----
Shapeshifting  | 4 5 6 |  6.5
Fighting       | |  1.1
Dodging        | |  1.7
Unarmed Combat | |  3.0

Action                     |  1- 3 |  4- 6 || total
---------------------------+-------+-------++-------
  Melee: Unarmed           |    75 |   129 ||   204
         Tailslap          |    11 |    15 ||    26
         Punch             |     1 |     5 ||     6
  Evoke: Wand              |     1 |       ||     1
   Stab: Sleeping          |     2 |     2 ||     4
         Paralysed         |     2 |       ||     2
 Armour: Skin              |    44 |    58 ||   102
  Dodge: Dodged            |    42 |    79 ||   121

Table legend: (Time is in decaauts)
 A = Elapsed time spent in this place.
 B = Non-inter-level travel time spent in this place.
 C = Inter-level travel time spent in this place.
 D = Time resting spent in this place.
 E = Time spent auto-exploring this place.
 F = Levels seen in this place.
 G = Mean time per level.
                   A        B        C        D        E       F      G
               +--------+--------+--------+--------+--------+-----+--------+
         Total |   3255 |   3163 |     92 |    387 |   2218 |   4 |  813.8 |
       Dungeon |   3255 |   3163 |     92 |    387 |   2218 |   4 |  813.8 |
               +--------+--------+--------+--------+--------+-----+--------+

Top non-repeatable levels by time:
     D:3: 1283 daAuts
     D:1: 706 daAuts
     D:2: 665 daAuts
     D:4: 600 daAuts
